 Dungeon Crawl Stone Soup version 0.30-a0-760-g5a9884bb7c (webtiles) character file.

Game seed: 2101545735262904974

711 sanka the Basher (level 7, -4/43 HPs)
             Began as a Gargoyle Fighter on Feb 10, 2023.
             Slain by Edmund
             ... wielding a +2 heavy dire flail
              (15 damage)
             ... on level 4 of the Dungeon.
             The game lasted 00:07:38 (5621 turns).

sanka the Basher (Gargoyle Fighter)                 Turns: 5621, Time: 00:07:39

Health: -4/43      AC: 11    Str: 21    XL:     7   Next: 68%
Magic:  7/7        EV:  9    Int:  9    God:
Gold:   343        SH:  4    Dex:  9    Spells: 6/6 levels left

rFire   . . .      SeeInvis .    s - +2 whip (elec)
rCold   . . .      Faith    .    c - +0 buckler
rNeg    + . .      Spirit   .    b - +0 scale mail
rPois   ∞          Reflect  .    (no helmet)
rElec   +          Harm     .    (no cloak)
rCorr   .          Rampage  .    (no gloves)
Will    .....                    (no boots) Stlth
                                 (no amulet)
HPRegen 0.27/turn                (no ring)
MPRegen 0.10/turn                (no ring)

@: no status effects
A: sickness immunity, AC +4, negative energy resistance 1, electricity
resistance, torment resistance 1, petrification resistance
a: no special abilities


You were on level 4 of the Dungeon.
You visited 1 branch of the dungeon, and saw 4 of its levels.

You collected 343 gold pieces.


Innate Abilities, Weirdness & Mutations

You are immune to sickness and miasma.
Your stone body is resilient. (AC +4)
You are immune to poison.
You resist negative energy. (rN+)
You are resistant to electric shocks. (rElec)
You are resistant to unholy torment.
You are immune to petrification.


   Skills:
 - Level 4.0 Fighting
 + Level 8.2 Maces & Flails
 - Level 3.2 Armour
 - Level 3.2 Shields


You had 6 spell levels left.
You didn't know any spells.
Your spell library contained the following spells:

 Spells                   Type           Power      Damage    Failure   Level
 Vhi's Electric Charge    Tloc/Air       0%         N/A       99%         3
 Arcjolt                  Conj/Air       0%         1d10      100%        5
 Maxwell's Capacitive Co  Air            0%         ∞         100%        8

Inventory:

Hand Weapons
 a - a +0 flail
 s - a +2 whip of electrocution (weapon)
Armour
 b - a +0 scale mail (worn)
 c - a +0 buckler (worn)
Scrolls
 d - a scroll of enchant weapon {unknown}
 e - a scroll of enchant armour {unknown}
 f - 7 scrolls of identify {unknown}
 g - 3 scrolls of teleportation {unknown}
 h - 3 scrolls of fear {unknown}
 j - a scroll of noise {unknown}
 l - 2 scrolls of silence {unknown}
 p - a scroll of magic mapping {unknown}
 r - a scroll of amnesia {unknown}
Potions
 i - 2 potions of heal wounds {unknown}
 k - 2 potions of magic {unknown}
 m - 2 potions of haste {@q3}
 n - a potion of berserk rage {unknown}
 o - a potion of attraction {unknown}
 q - a potion of mutation {unknown}

Dungeon Overview and Level Annotations

Branches:
Dungeon (4/15)
 Temple: D:4-7

Altars:
Cheibriados
Dithmenos
Elyvilon
Okawaru
Vehumet

Shops:
D:4 :*

Annotations:
D:3 1 runed translucent door, Crazy Yiuf, Grinder
D:4 Edmund

..▒ ▒..........PP..P..▒▒......▒
..▒▒▒..........P....P.▒▒.....▒▒
................P...P..▒▒...▒▒
.▒▒▒.............P..PP.▒▒.▒▒▒
.▒ ▒▒............P.....▒▒▒▒ .▒▒
▒.........._.....P.▒ ▒▒ ..▒
▒▒............P....▒ ▒▒▒. ..▒▒
▒.........@PP...P.▒ ▒... ...▒
▒▒.....▒...8...P..▒ ▒... ...▒▒
▒▒▒▒▒▒▒▒......P.▒▒ ▒... ....▒
▒▒........▒ ▒▒.. ....▒▒
▒▒▒▒.....P..▒▒ ▒▒. ..>..▒
▒▒▒...........▒ ▒▒
.....▒▒▒........▒...▒▒ ▒
.....))..........▒▒..▒▒▒
...▒.▒▒..........▒▒▒▒..▒▒
....▒▒▒..........▒ ▒▒†.▒▒


You could see Edmund.


Message History

Lightning courses through Edmund!
Edmund is moderately wounded.
Edmund closely misses you.
You hit Edmund.
Edmund is moderately wounded.
You hit Edmund.
Edmund is moderately wounded.
Edmund closely misses you.
You hit Edmund but do no damage.
Edmund is moderately wounded.
You barely miss Edmund.
Edmund is moderately wounded.
Edmund closely misses you.
You barely miss Edmund.
Edmund is moderately wounded.
You closely miss Edmund.
Edmund is moderately wounded.
Edmund hits you with a +2 heavy dire flail!!
You hit Edmund but do no damage.
Edmund is moderately wounded.
You hit Edmund.
Edmund is heavily wounded.
Edmund hits you with a +2 heavy dire flail!
* * * LOW HITPOINT WARNING * * *
You closely miss Edmund.
Edmund is heavily wounded.
You hit Edmund.
Edmund is heavily wounded.
Edmund hits you with a +2 heavy dire flail!
You die...

Action                     |  1- 3 |  4- 6 |  7- 9 || total
---------------------------+-------+-------+-------++-------
  Melee: Flail             |   112 |   213 |   114 ||   439
         Whip              |       |       |    22 ||    22
    Use: Potion            |     1 |       |     1 ||     2
 Armour: Scale mail        |    65 |   110 |    68 ||   243
  Dodge: Dodged            |    57 |    90 |    58 ||   205
  Block: Buckler           |    22 |    37 |    25 ||    84

Levels and vault maps discovered:
D:1:      dpeg_arrival_arbitrary_c, layout_basic
D:2:      layout_loops_corners, nicolae_ecumenical_oubliette,
          dreamdust_princess_corridor, uniq_sigmund, uniq_terence
D:3:      minmay_razor_zed, layout_loops_ring,
          mainiacjoe_overflow_six_doors_small, cheibrodos_worm_habitat,
          uniq_jessica, uniq_grinder, uniq_crazy_yiuf_cottage, uniq_natasha
D:4:      layout_cave_pods, elyvilon_altar_1,
          mainiacjoe_overflow_catch_the_wave, serial_shops, shop_coins, shop,
          minmay_misc_feat_five, minivault_25, uniq_edmund

Notes
Turn   | Place    | Note
-------+----------+-------------------------------------------
     0 | D:1      | sanka the Gargoyle Fighter began the quest for the Orb.
     0 | D:1      | Reached XP level 1. HP: 14/14 MP: 1/1
    21 | D:1      | Upgraded the game from 0.30-a0-756-gc2185399d4 to
                  | 0.30-a0-760-g5a9884bb7c
    90 | D:1      | Reached XP level 2. HP: 18/20 MP: 2/2
   147 | D:1      | Reached skill level 4 in Fighting
   617 | D:2      | Found a faded altar of an unknown god.
   628 | D:2      | Reached XP level 3. HP: 13/24 MP: 3/3
  1347 | D:2      | Reached skill level 3 in Maces & Flails
  1545 | D:2      | Noticed Sigmund
  1551 | D:2      | Killed Sigmund
  1552 | D:2      | Reached skill level 5 in Maces & Flails
  1552 | D:2      | Reached XP level 4. HP: 24/29 MP: 4/4
  1552 | D:2      | Reached XP level 5. HP: 27/33 MP: 5/5
  1673 | D:2      | Noticed Terence
  1690 | D:2      | Killed Terence
  1996 | D:2      | Reached XP level 6. HP: 32/38 MP: 6/6
  2208 | D:3      | Reached skill level 6 in Maces & Flails
  2427 | D:3      | Noticed Natasha
  2437 | D:3      | Killed Natasha
  2449 | D:3      | Noticed Grinder
  2517 | D:3      | Noticed Natasha
  2531 | D:2      | Killed Natasha
  2610 | D:2      | Found a faded altar of an unknown god.
  2767 | D:2      | Noticed Natasha
  2778 | D:2      | Killed Natasha
  3484 | D:3      | Found a snail-covered altar of Cheibriados.
  3732 | D:3      | Noticed Jessica
  3736 | D:3      | Killed Jessica
  3902 | D:3      | Found a radiant altar of Vehumet.
  3947 | D:3      | Found a runed translucent door.
  3948 | D:3      | Noticed Crazy Yiuf
  4370 | D:4      | Found Icovumn's Assorted Antiques.
  4376 | D:4      | Reached XP level 7. HP: 43/43 MP: 7/7
  4385 | D:4      | Reached skill level 7 in Maces & Flails
  4651 | D:4      | Found a white marble altar of Elyvilon.
  4727 | D:4      | Found an iron altar of Okawaru.
  4728 | D:4      | Found a shadowy altar of Dithmenos.
  5052 | D:4      | Found Peif's Book Emporium.
  5462 | D:4      | Reached skill level 8 in Maces & Flails
  5605 | D:4      | Noticed Edmund
  5621 | D:4      | Slain by Edmund

Vanquished Creatures
  Sigmund (D:2)
  A scorpion (D:4)
  A jelly (D:4)
  2 orc priests
  Jessica (D:3)
  A gnoll bouda (D:4)
  Terence (D:2)
  Natasha (thrice) (D:3 D:2)
  An orc wizard (D:4)
  5 adders
  7 gnolls
  2 worms
  2 dart slugs (D:3)
  16 orcs
  6 bats
  5 endoplasms
  4 giant cockroaches
  7 goblins
  10 hobgoblins
  3 jackals (D:1)
  3 quokkas
  6 ball pythons
  7 kobolds
  9 rats
104 creatures vanquished.

Vanquished Creatures (others)
  33 plants (D:4)
33 creatures vanquished.

Grand Total: 137 creatures vanquished
